 Dungeon Crawl Stone Soup version 0.32-a0-699-g1ee5eff69a (webtiles) character file.

Game seed: 6957559213099772226

1046 ytrimaz the Trooper (level 8, 0/96 HPs)
             Began as a Coglin Fighter on Mar 14, 2024.
             Succumbed to Dowan's poison
             ... on level 5 of the Dungeon.
             The game lasted 00:04:25 (4978 turns).

ytrimaz the Trooper (Coglin Fighter)                Turns: 4978, Time: 00:04:25

Health: 0/96       AC: 11    Str: 18    XL:     8   Next: 25%
Magic:  8/8        EV:  8    Int:  8    God:
Gold:   236        SH:  0    Dex: 14    Spells: 7/7 levels left

rFire   . . .        a - +1 flail {Raúl}
rCold   . . .        w - +0 flail {Bianca}
rNeg    . . .        b - +1 scale mail
rPois   .            e - +0 helmet
rElec   .            (no cloak)
rCorr   .            j - +0 pair of gloves
SInv    .            (no boots)
Will    .....        (amulet unavailable) Stlth
                     (ring unavailable)
HPRegen 0.36/turn    (ring unavailable)
MPRegen 0.11/turn    (no gizmo)

%: no passive effects
@: berserking (expiring), lethally poisoned (0 -> -23), revved, very quick
A: off-hand wielding, slow wielding, warmup strikes, no jewellery
a: Invent Gizmo


You were on level 5 of the Dungeon.
You visited 1 branch of the dungeon, and saw 6 of its levels.

You collected 276 gold pieces.
You spent 40 gold pieces at shops.


Innate Abilities, Weirdness & Mutations

You can wield a second weapon in your off-hand.
It takes a long time for you to wield or remove held weapons.
Your first few attacks do less damage.
You cannot equip rings or amulets.


   Skills:
 + Level 6.2 Fighting
 + Level 5.1 Maces & Flails
 + Level 5.6 Armour
 - Level 2.1 Shields


You had 7 spell levels left.
You didn't know any spells.
Your spell library contained the following spells:

 Spells                   Type           Power      Damage    Failure   Level
 Apportation              Tloc           0%         N/A       77%         1
 Magic Dart               Conj           0%         1d3       77%         1
 Summon Small Mammal      Summ           0%         N/A       77%         1
 Blink                    Tloc           0%         N/A       88%         2
 Call Imp                 Summ           0%         N/A       88%         2
 Jinxbite                 Hex            0%         N/A       88%         2
 Call Canine Familiar     Summ           0%         N/A       98%         3
 Summon Blazeheart Golem  Fire/Summ      0%         N/A       100%        4
 Alistair's Intoxication  Alch           0%         N/A       100%        5

Inventory:

Hand Weapons
 a - a +1 flail (weapon) {Raúl}
 w - a +0 flail (offhand) {Bianca}
   (You took it off an orc priest on level 5 of the Dungeon)
Armour
 b - a +1 scale mail (worn)
 e - a +0 helmet (worn)
   (You took it off Robin on level 2 of the Dungeon)
 j - a +0 pair of gloves (worn)
   (You found it on level 1 of the Dungeon)
Wands
 p - a wand of paralysis (4)
   (You found it on level 5 of the Dungeon)
Scrolls
 g - 2 scrolls of enchant armour
 l - 2 scrolls of blinking
 o - a scroll of enchant weapon
 q - a scroll of vulnerability
 u - 2 scrolls of silence
 x - a scroll of teleportation
Potions
 f - a potion of mutation
 k - 2 potions of haste
 m - a potion of brilliance {unknown}
 n - a potion of enlightenment
 r - a potion of lignification {unknown}
 s - a potion of invisibility {unknown}
 v - a potion of cancellation {unknown}

Dungeon Overview and Level Annotations

Branches:
Dungeon (6/15) Zot: 26743
 Temple: D:4-7

Altars:
Cheibriados
Elyvilon
Nemelex Xobeh

Shops:
D:1 ?   D:3 :

Annotations:
D:3 3 runed translucent doors, DiddlyDoom's ghost, amateur GrEE
D:5 2 transporters, Duvessa

############# ########
#............ #......#
#.###.....###
#....#.#####.#~~.....~~#
##.<..#.@.)...#~###♣###~#
#.......###.#...#.....#..
#.......# #.#..©#b._.©#©.
#.......###.#...#.....#..
##....#.)...###~###♣###~#
#....#.#######~~...e.~~#
#......# ##.###e....###
## ###.####
##.....#..###.. .# ##.##
##........## ##.


There were no monsters in sight!


Message History

You start resting. 😎 HP[+6]
Your hp is fully restored (64).
Unknown command.
You climb downwards.
Level annotation: 2 transporters, Dowan; Duvessa
There is a stone staircase leading up here.
Unknown command.
Dowan is nearby!
You can't go down here!
Unknown command.
You start waiting.
Dowan is nearby!
Dowan gestures wildly while chanting.
Dowan blinks!
Unknown command.
Dowan hits you with a +1 dagger of venom.
You are poisoned. 😕 HP[-4]
You take 4 damage, and now have 60/64 hp.
You feel very sick. Dowan hits you but does no damage.
You are more poisoned. 😕 HP[-3]
You take 3 damage, and now have 57/64 hp.
You hit Dowan with your +1 flail. You hit Dowan but do no damage.
You feel very sick. Dowan gestures at you while chanting.
The puff of flame hits you.
Dowan hits you with a +1 dagger of venom.
You are more poisoned. 😮 HP[-10]
You take 10 damage, and now have 47/64 hp.
You hit Dowan with your +1 flail. You hit Dowan but do no damage.
You feel very sick. Dowan hits you but does no damage.
You are more poisoned. 😮 HP[-6]
You take 6 damage, and now have 41/64 hp.
You barely miss Dowan with your +1 flail.
You hit Dowan but do no damage.
You feel extremely sick.
Dowan hits you with a +1 dagger of venom.
* * * LOW HITPOINT WARNING * * *
You are more poisoned. 😨 HP[-9]
You take 9 damage, and now have 32/64 hp.
You closely miss Dowan with your +0 flail.
You barely miss Dowan with your +1 flail.
* * * LOW HITPOINT WARNING * * *
You feel extremely sick. Dowan casts a spell at you.
The puff of flame hits you but does no damage. 😨 HP[-6]
You take 6 damage, and now have 26/64 hp.
Unknown command.
A red film seems to cover your vision as you go berserk!
You feel yourself moving faster!
You feel mighty!
You feel very sick.
Dowan hits you with a +1 dagger of venom.
* * * LOW HITPOINT WARNING * * *
You are lethally poisoned! 😨 HP[+2]
You now have 96 max hp (+32).
You regained 2 hp, and now have 28/96 hp.
You barely miss Dowan with your +0 flail.
You sock Dowan with your +1 flail!
* * * LOW HITPOINT WARNING * * *
You feel very sick. Dowan hits you but does no damage.
You are more poisoned. 😱 HP[-5]
You take 5 damage, and now have 23/96 hp.
You closely miss Dowan with your +1 flail.
You barely miss Dowan with your +0 flail.
* * * LOW HITPOINT WARNING * * *
You feel very sick. Dowan hits you but does no damage.
You are more poisoned. 😱 HP[-5]
You take 5 damage, and now have 18/96 hp.
You sock Dowan with your +1 flail!
You kill Dowan!
You hear a distant scream of rage.
* * * LOW HITPOINT WARNING * * *
You feel extremely sick. 😱 HP[-7]
You take 7 damage, and now have 11/96 hp.
* * * LOW HITPOINT WARNING * * *
You feel very sick.
Things that are here:
a +1 dagger of venom; a +2 robe; 😱 HP[-4]
You take 4 damage, and now have 7/96 hp.
Unknown command.
You feel a strong urge to attack something.
* * * LOW HITPOINT WARNING * * *
You feel very sick. 😱 HP[-4]
You take 4 damage, and now have 3/96 hp.
You die...

Skill      XL: |  1  2  3  4  5  6  7  8 |
---------------+-------------------------+-----
Maces & Flails | 2 3 4 5 |  5.1
Armour         | 3 4 5 |  5.6
Fighting       | 4 5 6 |  6.2
Shields        | |  2.1

Action                     |  1- 3 |  4- 6 |  7- 9 || total
---------------------------+-------+-------+-------++-------
  Melee: Flail             |    71 |   104 |    80 ||   255
         Whip              |    24 |       |       ||    24
         Mace              |    25 |   109 |    31 ||   165
    Use: Scroll            |     5 |     6 |     4 ||    15
         Potion            |       |     6 |     3 ||     9
 Armour: Scale mail        |    78 |   105 |    53 ||   236
  Dodge: Dodged            |    38 |    52 |    21 ||   111
  Block: Buckler           |     3 |       |       ||     3

Levels and vault maps discovered:
D:1:      lightli_arrival_flooded_house, layout_rooms,
          ebering_ecumenical_altar_rust, serial_shops, shop, minmay_pentomino_p2
D:2:      layout_loops_corners, basic_altar, uniq_robin, uniq_terence
D:3:      layout_basic, gammafunk_ghost_necromancy, serial_shops,
          nicolae_shop_advertising_works [nicolae_subvault_shop_adworks],
          uniq_jessica
D:4:      layout_layer_cave, uniq_sigmund
D:5:      layout_loops_corners, elyvilon_altar_4, nemelex_spade_bored_becter
D:6:      cheibrodos_quashed, layout_loops_ring,
          mainiacjoe_overflow_surrounded_room, temple_statues,
          kennysheep_cross_room, minmay_fractal_squares_diagonal_5, uniq_duvessa

Notes
Turn   | Place    | Note
-------+----------+-------------------------------------------
     0 | D:1      | ytrimaz the Coglin Fighter began the quest for the Orb.
     0 | D:1      | Reached XP level 1. HP: 18/18 MP: 1/1
     0 | D:1      | magus.rc [v1.9.6]
    90 | D:1      | Reached skill level 2 in Maces & Flails
    90 | D:1      | Reached XP level 2. HP: 24/24 MP: 2/2
   119 | D:1      | Reached skill level 3 in Armour
   210 | D:1      | You pick up a book of Minor Magic and begin reading...
   210 | D:1      | You add the spells Magic Dart, Blink and Call Imp to your
                  | library.
   256 | D:1      | Reached XP level 3. HP: 28/29 MP: 3/3
   389 | D:1      | You pick up a book of Party Tricks and begin reading...
   389 | D:1      | You add the spells Apportation, Jinxbite and Alistair's
                  | Intoxication to your library.
   417 | D:1      | Found a faded altar of an unknown god.
   442 | D:1      | Found Deillawk's Magic Scroll Shop.
   448 | D:1      | Bought a scroll of identify for 20 gold pieces
   448 | D:1      | Bought a scroll of identify for 20 gold pieces
   773 | D:2      | Found a snail-covered altar of Cheibriados.
   837 | D:2      | HP: 5/29 [gnoll bouda/+0 club (5)]
   838 | D:2      | HP: 2/29 [gnoll/+0 spear[a gnoll bouda] (3)]
   839 | D:2      | Reached XP level 4. HP: 3/37 MP: 4/4
   849 | D:2      | Reached skill level 4 in Fighting
  1063 | D:2      | Reached XP level 5. HP: 42/42 MP: 5/5
  1086 | D:2      | Reached skill level 3 in Maces & Flails
  1172 | D:2      | Noticed Robin
  1187 | D:2      | Killed Robin
  1332 | D:2      | Noticed Terence
  1339 | D:2      | Killed Terence
  2002 | D:3      | Noticed Jessica
  2008 | D:3      | Found a runed translucent gate.
  2010 | D:3      | Killed Jessica
  2011 | D:3      | Reached skill level 4 in Armour
  2011 | D:3      | Reached XP level 6. HP: 49/49 MP: 6/6
  2011 | D:3      | Found a runed translucent gate.
  2012 | D:3      | Found a runed translucent gate.
  2394 | D:3      | Noticed DiddlyDoom's ghost (amateur GrEE)
  2789 | D:3      | Found Haxuy's Book Boutique.
  3001 | D:4      | You pick up a book of Callings and begin reading...
  3001 | D:4      | You add the spells Summon Small Mammal, Call Canine
                  | Familiar and Summon Blazeheart Golem to your library.
  3100 | D:4      | Reached skill level 5 in Fighting
  3114 | D:4      | Noticed Sigmund
  3133 | D:4      | Reached skill level 4 in Maces & Flails
  3133 | D:4      | Reached XP level 7. HP: 25/56 MP: 7/7
  3135 | D:4      | Killed Sigmund
  3672 | D:5      | Entered Level 5 of the Dungeon
  3851 | D:5      | Reached skill level 5 in Armour
  4006 | D:5      | Found a sparkling altar of Nemelex Xobeh.
  4283 | D:5      | Reached XP level 8. HP: 60/64 MP: 8/8
  4504 | D:5      | Found a transporter.
  4504 | D:5      | Found a white marble altar of Elyvilon.
  4515 | D:5      | Found a transporter.
  4557 | D:5      | Reached skill level 6 in Fighting
  4557 | D:5      | Reached skill level 5 in Maces & Flails
  4743 | D:6      | Noticed Duvessa
  4743 | D:6      | Noticed Dowan
  4754 | D:6      | HP: 15/64 [poisoned by Dowan]
  4755 | D:5      | HP: 3/64 [poisoned by Dowan]
  4760 | D:5      | HP: 14/64 [poisoned by Dowan]
  4765 | D:4      | HP: 11/64 [poisoned by Dowan]
  4973 | D:5      | HP: 23/96 [poisoned by Dowan]
  4975 | D:5      | Killed Dowan
  4975 | D:5      | HP: 11/96 [poisoned by Dowan]
  4977 | D:5      | HP: 3/96 [poisoned by Dowan]
  4978 | D:5      | Succumbed to Dowan's poison

Vanquished Creatures
  Sigmund (D:4)
  An ogre (D:5)
  Dowan (D:5)
  A howler monkey (D:5)
  2 bombardier beetles
  2 hounds
  A jelly (D:5)
  A gnoll bouda (D:2)
  3 orc priests
  3 iguanas (D:5)
  Jessica (D:3)
  Terence (D:2)
  4 orc wizards
  Robin (D:2)
  3 gnolls (D:2)
  10 adders
  2 dart slugs
  3 ribbon worms
  4 orcs
  5 ball pythons
  4 bats
  4 endoplasms
  7 giant cockroaches
  10 goblins
  6 hobgoblins
  8 jackals
  A quokka (D:1)
  2 frilled lizards
  5 kobolds
  10 rats
107 creatures vanquished.

Table legend:
 A = Non-vault XP
 B = Vault XP
 C = Vault XP percentage of total XP
 D = Non-vault monster count
 E = Vault monster count
 F = Vault count percentage of total count
                 A         B        C        D         E       F
            +---------+---------+-------+---------+---------+-------
      Total |    1110 |     385 |  25.8 |      93 |      14 |  13.1
            +---------+---------+-------+---------+---------+-------
        D:1 |      41 |       4 |   8.9 |      23 |       2 |   8.0
        D:2 |     186 |      65 |  25.9 |      29 |       9 |  23.7
        D:3 |      62 |      37 |  37.4 |       9 |       1 |  10.0
        D:4 |     235 |     210 |  47.2 |      17 |       1 |   5.6
        D:5 |     538 |      69 |  11.4 |      14 |       1 |   6.7
        D:6 |      48 |       0 |   0.0 |       1 |       0 |   0.0
            +---------+---------+-------+---------+---------+-------

Skill      XL: |  1  2  3  4  5  6  7  8 |
---------------+-------------------------+-----
Maces & Flails | 2 3 4 5 |  5.1
Armour         | 3 4 5 |  5.6
Fighting       | 4 5 6 |  6.2
Shields        | |  2.1

Action                     |  1- 3 |  4- 6 |  7- 9 || total
---------------------------+-------+-------+-------++-------
  Melee: Flail             |    71 |   104 |    80 ||   255
         Whip              |    24 |       |       ||    24
         Mace              |    25 |   109 |    31 ||   165
    Use: Scroll            |     5 |     6 |     4 ||    15
         Potion            |       |     6 |     3 ||     9
 Armour: Scale mail        |    78 |   105 |    53 ||   236
  Dodge: Dodged            |    38 |    52 |    21 ||   111
  Block: Buckler           |     3 |       |       ||     3

Illustrated notes

Table legend:
 A = Kills in this place as a percentage of kills in the entire game.
 B = Kills by you in this place as a percentage of kills by you in the entire game.
 C = Kills by friends in this place as a percentage of kills by friends in the entire game.
 D = Other kills in this place as a percentage of other kills in the entire game.
 E = Experience gained in this place as a percentage of experience gained in the entire game.
 F = Experience gained in this place divided by the number of levels of this place that you have seen.
                   A       B       C       D       E      F
               +-------+-------+-------+-------+-------+----------------------
         Total | 100.0 | 100.0 |   N/A |   N/A | 100.0 | 249.2
       Dungeon | 100.0 | 100.0 |   N/A |   N/A | 100.0 | 249.2
               +-------+-------+-------+-------+-------+----------------------

Table legend: (Time is in decaauts)
 A = Elapsed time spent in this place.
 B = Non-inter-level travel time spent in this place.
 C = Inter-level travel time spent in this place.
 D = Time resting spent in this place.
 E = Time spent auto-exploring this place.
 F = Levels seen in this place.
 G = Mean time per level.
                   A        B        C        D        E       F      G
               +--------+--------+--------+--------+--------+-----+--------+
         Total |   5053 |   4692 |    361 |    187 |   3694 |   6 |  842.2 |
       Dungeon |   5053 |   4692 |    361 |    187 |   3694 |   6 |  842.2 |
               +--------+--------+--------+--------+--------+-----+--------+

Top non-repeatable levels by time:
     D:2: 1248 daAuts
     D:5: 1102 daAuts
     D:3: 1041 daAuts
     D:4: 992 daAuts
     D:1: 636 daAuts
     D:6: 33 daAuts
